Map: Odyssey LE

Players

TLO

  • Race: Zerg Zerg
  • Spawn Location: 5:00

Has - Winner!

  • Race: Protoss Protoss
  • Spawn Location: 11:00

Event: WCS Montreal 2017

VOD

Have the link to the VOD?

Description

Time

  • Played on: Sept. 8, 2017, 7:39 p.m.
  • Length: 13:11

All games in this series

Show
View Real Time Build Order
Export as new Build Order

TLO Zerg 

Build Orders: Hatch First, Zergling Baneling 

Get SALT Encoding   

  12  0:00  Drone  
  13  0:13  Overlord  
  13  0:17  Drone  
  14  0:32  Drone x2  
  16  0:49  Hatchery  
  15  0:52  Drone  
  15  0:55  Drone  
  17  1:09  Spawning Pool  
  16  1:12  Drone  
  16  1:15  Drone  
  18  1:19  Drone  
  18  1:21  Extractor  
  18  1:29  Drone  
  19  1:44  Overlord  
  19  1:53  Drone  
  20  2:00  Queen  
  22  2:01  Zergling x4  
  22  2:03  Queen  
  26  2:12  Drone  
  26  2:13  Drone  
  28  2:22  Drone  
  29  2:23  Drone  
  30  2:37  Hatchery  
  30  2:38  Drone  
  30  2:45  Queen  
  30  2:50  Metabolic Boost  
  32  2:56  Overlord  
  32  3:00  Zergling x2  
  33  3:07  Zergling x2  
  33  3:09  Drone  
  33  3:12  Overlord  
  35  3:13  Zergling x2  
  35  3:15  Overlord  
  35  3:16  Drone  
  36  3:21  Zergling x2  
  36  3:24  Drone x2  
  38  3:27  Drone  
  38  3:33  Drone  
  40  3:36  Drone  
  40  3:39  Queen  
  43  3:42  Drone  
  43  3:43  Zergling x2  
  43  3:45  Zergling x2  
  46  3:50  Baneling Nest, Zergling x2  
  46  3:54  Zergling x2  
  47  3:56  Zergling x2  
  47  3:59  Overlord  
  47  4:01  Zergling x2  
  49  4:04  Zergling x2  
  49  4:05  Zergling x2  
  49  4:07  Zergling x2  
  52  4:10  Zergling x2  
  52  4:16  Zergling x4  
  55  4:17  Zergling x2  
  55  4:19  Zergling x4  
  55  4:20  Zergling x2  
  55  4:24  Zergling x2  
  55  4:26  Zergling x2  
  53  4:32  Zergling x2  
  53  4:33  Zergling x2  
  53  4:38  Zergling x2  
  55  4:39  Baneling x3  
  55  4:41  Baneling  
  55  4:42  Baneling  
  55  4:49  Zergling x4  
  55  4:50  Zergling x2  
  55  4:52  Zergling x2  
  58  4:53  Baneling x2  
  58  4:54  Baneling  
  58  4:58  Zergling x4  
  59  5:00  Baneling  
  59  5:04  Zergling x2  
  59  5:05  Zergling x2  
  62  5:07  Zergling x2  
  62  5:08  Zergling x2  
  62  5:10  Zergling x2  
  62  5:12  Baneling  
  63  5:16  Zergling x2  
  63  5:17  Zergling x2  
  63  5:18  Zergling x2  
  63  5:21  Zergling x2  
  60  5:22  Zergling x2  
  60  5:26  Zergling x2  
  55  5:28  Zergling x2  
  55  5:29  Zergling x2  
  55  5:31  Zergling x2  
  55  5:34  Zergling x2  
  50  5:37  Zergling x2  
  50  5:40  Zergling x2  
  50  5:42  Zergling x2  
  50  5:45  Zergling x2  
  50  5:49  Drone  
  52  5:55  Zergling x4  
  54  5:57  Baneling x2  
  54  6:00  Spore Crawler  
  53  6:04  Spore Crawler  
  53  6:09  Drone, Zergling x2  
  53  6:11  Baneling x3  
  53  6:14  Zergling x2  
  53  6:18  Zergling x2  
  53  6:22  Zergling x2  
  53  6:25  Drone  
  38  6:37  Drone  
  38  6:39  Drone  
  28  6:48  Zergling x4  
  28  6:49  Baneling  
  28  6:50  Baneling  
  28  6:53  Zergling x2  
  31  6:55  Zergling x2  
  31  7:00  Baneling  
  31  7:01  Zergling x2  
  33  7:04  Zergling x2  
  33  7:08  Zergling x2  
  35  7:12  Zergling x2  
  36  7:15  Zergling x2  
  36  7:20  Zergling x2  
  30  7:23  Drone  
  30  7:30  Drone x2  
  30  7:36  Drone  
  33  7:38  Drone  
  33  7:42  Baneling x2  
  34  7:44  Zergling x2  
  34  7:47  Drone  
  34  7:49  Baneling  
  36  7:55  Drone, Zergling x2  
  36  7:58  Zergling x2  
  38  8:00  Drone  
  38  8:03  Baneling x2  
  38  8:05  Drone  
  39  8:08  Zergling x2  
  39  8:10  Zergling x2  
  42  8:12  Zergling x2  
  42  8:15  Zergling x2  
  42  8:20  Drone x2  
  42  8:22  Zergling x2  
  42  8:24  Zergling x2  
  46  8:31  Zergling x2  
  46  8:32  Zergling x2  
  46  8:33  Zergling x4  
  50  8:36  Zergling x2  
  50  8:37  Zergling x2  
  50  8:40  Baneling x2  
  50  8:41  Zergling x2  
  53  8:45  Zergling x4  
  53  8:47  Zergling x2  
  56  8:50  Drone  
  56  8:52  Drone  
  56  8:53  Drone  
  59  9:01  Baneling x2  
  59  9:02  Baneling, Roach Warren  
  58  9:05  Baneling x2  
  58  9:06  Drone  
  58  9:08  Zergling x2  
  59  9:10  Zergling x2  
  59  9:14  Zergling x2  
  59  9:15  Zergling x2  
  56  9:17  Zergling x2  
  56  9:20  Zergling x2  
  56  9:22  Drone  
  56  9:24  Drone  
  56  9:26  Drone  
  56  9:28  Zergling x2  
  56  9:29  Zergling x2  
  58  9:32  Zergling x2, Baneling  
  58  9:36  Zergling x4  
  61  9:42  Roach  
  61  9:43  Roach  
  61  9:44  Extractor  
  64  9:46  Baneling x2  
  62  9:54  Roach  
  62  9:57  Roach  
  57  10:01  Zergling x2  
  57  10:03  Zergling x4  
  57  10:06  Roach  
  50  10:08  Zergling x4  
  50  10:18  Roach  
  50  10:20  Zergling x2  
  42  10:22  Queen  
  44  10:28  Queen, Drone  
  44  10:32  Zergling x2  
  44  10:33  Zergling x2  
  44  10:35  Zergling x2  
  50  10:39  Zergling x4  
  50  10:41  Baneling  
  50  10:42  Baneling  
  52  10:45  Roach  
  54  10:51  Roach  
  52  11:05  Zergling x4  
  52  11:08  Zergling x2  
  48  11:12  Zergling x2  
  48  11:16  Queen x2, Zergling x2  
  49  11:22  Zergling x2  
  46  11:27  Roach  
  45  11:37  Drone  
  45  11:38  Drone  
  43  11:44  Zergling x2  
  42  11:49  Drone  
  42  11:52  Queen, Zergling x2  
  46  11:55  Zergling x2  
  46  11:57  Zergling x2  
  48  12:02  Zergling x4  
  48  12:06  Zergling x2  
  51  12:16  Roach x2  
  51  12:19  Drone x2  
  51  12:21  Drone  
  58  12:25  Roach  
  60  12:30  Drone  
  60  12:32  Roach  
  63  12:43  Roach  
  64  12:45  Roach  
  64  12:46  Roach  
  62  12:51  Roach  
Show
View Real Time Build Order
Export as new Build Order

Has Protoss - Winner!

Build Orders: Nexus First 

Get SALT Encoding   

  12  0:01  Probe (Chrono Boost)  
  13  0:11  Probe (Chrono Boost)  
  14  0:17  Pylon  
  14  0:22  Probe (Chrono Boost)  
  16  0:35  Probe (Chrono Boost)  
  16  0:46  Probe (Chrono Boost)  
  17  0:56  Probe (Chrono Boost)  
  18  1:02  Nexus  
  18  1:12  Gateway  
  18  1:15  Probe (Chrono Boost)  
  19  1:20  Assimilator  
  20  1:25  Probe (Chrono Boost)  
  20  1:27  Assimilator  
  20  1:36  Probe (Chrono Boost)  
  21  1:46  Probe (Chrono Boost)  
  22  1:57  Probe (Chrono Boost)  
  23  2:03  Cybernetics Core  
  23  2:13  Probe (Chrono Boost)  
  23  2:14  Probe (Chrono Boost), Zealot (Chrono Boost)  
  27  2:23  Probe  
  27  2:25  Probe  
  27  2:28  Pylon  
  29  2:34  Probe  
  30  2:38  Probe  
  30  2:40  Adept (Chrono Boost)  
  30  2:44  Warp Gate (Chrono Boost)  
  32  2:46  Mothership Core  
  34  2:52  Twilight Council  
  34  2:55  Probe  
  35  3:04  Adept (Chrono Boost)  
  37  3:07  Probe  
  37  3:12  Probe  
  38  3:14  Robotics Facility  
  39  3:25  Gateway  
  39  3:30  Charge (Chrono Boost)  
  39  3:33  Probe  
  38  3:37  Gateway  
  38  3:39  Gateway  
  38  3:43  Gateway  
  38  3:52  Gateway  
  38  3:54  Gateway  
  38  3:57  Warp Prism (Chrono Boost), Gateway  
  40  4:13  Pylon  
  39  4:17  Probe  
  39  4:22  Probe  
  39  4:27  Pylon  
  39  4:29  Probe  
  40  4:34  Probe  
  37  4:42  Probe  
  38  4:52  Zealot  
  40  4:53  Zealot x6  
  40  4:56  Pylon  
  40  4:58  Zealot  
  43  5:18  Zealot x7  
  41  5:36  Zealot  
  41  5:38  Zealot x2  
  41  5:39  Zealot  
  37  5:49  Probe  
  36  5:52  Zealot x5  
  36  5:54  Zealot  
  48  6:01  Probe  
  49  6:13  Probe  
  48  6:21  Zealot x4  
  48  6:25  Probe  
  37  6:51  Probe  
  37  6:53  Zealot x5  
  48  7:03  Probe  
  49  7:15  Probe  
  34  7:23  Warp Prism (Chrono Boost)  
  34  7:27  Probe  
  33  7:30  Probe  
  32  7:37  Pylon  
  32  7:38  Pylon  
  32  7:39  Probe, Zealot  
  32  7:40  Zealot  
  32  7:41  Zealot  
  32  7:42  Probe  
  40  7:46  Zealot  
  42  7:51  Probe  
  42  7:54  Probe  
  43  8:03  Probe  
  44  8:07  Probe  
  44  8:08  Pylon  
  44  8:11  Zealot x2  
  49  8:37  Zealot x2  
  49  8:38  Zealot x4  
  61  9:09  Zealot x7  
  57  9:35  Zealot x8  
  71  9:39  Pylon  
  69  9:57  Zealot x7  
  69  9:59  Zealot  
  57  10:14  Zealot  
  45  10:33  Zealot x6  
  57  10:36  Nexus, Zealot  
  59  10:44  Pylon  
  59  10:46  Pylon  
  57  11:09  Zealot x6  
  49  11:25  Zealot x2  
  51  11:37  Warp Prism (Chrono Boost)  
  39  11:54  Zealot x3  
  39  11:55  Zealot  
  47  12:20  Zealot  
  49  12:30  Zealot x7  
  59  12:51  Zealot x3  
  59  12:52  Zealot x3  
  59  12:58  Zealot  
Tags
 
Add a new tag
Caveats
  • Supply blocks, unpowered buildings, or Contaminate may cause inaccurate times.
  • Supply counts are checked every 10 seconds.